 Dungeon Crawl Stone Soup version 0.27.1-2-g3b301248ec (webtiles) character file.

Game seed: 5373921198564334530

19 vvl the Insei (level 2, 0/21 HPs)
             Began as a Merfolk Transmuter on Sept 30, 2021.
             Slain by a goblin (2 damage)
             ... on level 1 of the Dungeon.
             The game lasted 00:01:26 (1155 turns).

vvl the Insei (Merfolk Transmuter)                  Turns: 1155, Time: 00:01:27

Health: 0/21       AC:  2    Str: 10    XL:     2   Next: 75%
Magic:  4/5        EV: 13    Int: 12    God:
Gold:   0          SH:  0    Dex: 14    Spells: 4/5 levels left

rFire    . . .     SeeInvis .     - Unarmed
rCold    . . .     Faith    .   (no shield)
rNeg     . . .     Spirit   .   a - +0 robe
rPois    .         Reflect  .   (helmet currently unavailable)
rElec    .         Harm     .   (no cloak)
rCorr    .         Rampage  .   (no gloves)
Will     .....                  (boots currently unavailable)
Stlth    +.........             (no amulet)
HPRegen  0.07/turn              (no ring)
MPRegen  0.09/turn              (no ring)

@: appendages
A: horns 2, (nimble swimmer 2), mertail
a: End Transformation


You were on level 1 of the Dungeon.
You had temporarily grown beastly horns.
You visited 1 branch of the dungeon, and saw 1 of its levels.

Inventory:

Armour
 a - a +0 robe (worn)
Potions
 b - a potion of curing {unknown}


   Skills:
 + Level 1.3 Fighting
 + Level 3.1 Dodging
 * Level 3.6 Unarmed Combat
 + Level 2.1 Spellcasting
 * Level 3.2 Transmutations


You had 4 spell levels left.
You knew the following spells:

 Your Spells              Type           Power      Damage    Failure   Level
a - Beastly Appendage     Tmut           18%        N/A       7%          1

Your spell library contained the following spells:

 Spells                   Type           Power      Damage    Failure   Level
 Wereblood                Tmut           9%         N/A       11%         2
 Spider Form              Tmut/Pois      2%         N/A       38%         3
 Ice Form                 Ice/Tmut       5%         N/A       80%         4


Dungeon Overview and Level Annotations

Branches:
Dungeon (1/15)

Altars:


Innate Abilities, Weirdness & Mutations

You have temporarily grown beastly horns.
((You are quick and stealthy near water. (Stealth+, EV+, Speed+++)))
Your lower body shifts to a powerful aquatic tail in water.


Message History

You miss the jackal.
The jackal is lightly wounded.
The jackal bites you.
You hit the jackal.
The jackal is severely wounded.
Your transformation is almost over.
The jackal bites you.
* * * LOW HITPOINT WARNING * * *
The jackal bites you but does no damage.
You closely miss the jackal. Your headbutt misses the jackal.
The jackal is severely wounded.
The jackal barely misses you.
You barely miss the jackal.
The jackal is severely wounded.
The jackal bites you but does no damage.
You barely miss the jackal. Your headbutt misses the jackal.
The jackal is severely wounded.
The jackal misses you. The jackal bites you.
* * * LOW HITPOINT WARNING * * *
You closely miss the jackal.
The jackal is severely wounded.
The jackal bites you but does no damage.
You miss the jackal.
The jackal is severely wounded.
The jackal closely misses you.
You hit the jackal.
You kill the jackal!
You hit the hobgoblin but do no damage. The hobgoblin closely misses you.
You barely miss the hobgoblin. The hobgoblin hits you.
* * * LOW HITPOINT WARNING * * *
You punch the hobgoblin!
You kill the hobgoblin!
You hit the hobgoblin but do no damage. You hit the hobgoblin.
You headbutt the hobgoblin.
You kill the hobgoblin!
Your horns disappear.
Casting: Beastly Appendage (safe; 7% risk of failure)
Confirm with . or Enter, or press ? or * to list all spells.
You grow a pair of large bovine horns.
The goblin hits you with a +0 dagger.
You die...

#..# #..........##)....♣ #..#
##.##....##.....♣
####..###...#.>..##.#..♣# ♣
........†.#......##.##.♣ .♣
####..###.....#.###.##.♣# ♣.♣#
####..# ##.#..#.# #.##..♣♣♣...♣♣♣
............#...# #.##...........
##########.#..#####.##...........
#.#....@g...†..###.###..
#.#.######.##..# .# #.# #.##..#
.# #.##..# .# #.##..# .# #.##..#
.# #.##..# #.##..#


You could see a goblin.

Vanquished Creatures
  A giant cockroach (D:1)
  2 goblins (D:1)
  5 hobgoblins (D:1)
  4 jackals (D:1)
  2 ball pythons (D:1)
  2 rats (D:1)
16 creatures vanquished.

Notes
Turn   | Place    | Note
-------+----------+-------------------------------------------
     0 | D:1      | vvl the Merfolk Transmuter began the quest for the Orb.
     0 | D:1      | Reached XP level 1. HP: 15/15 MP: 3/3
   835 | D:1      | Reached XP level 2. HP: 3/21 MP: 3/5
  1155 | D:1      | Slain by a goblin

Illustrated notes

Levels and vault maps discovered:
D:1:      dpeg_arrival_chambers_temple_mockup, layout_loops_ring,
          minmay_stone_trees_medium

Skill      XL: |  1  2 |
---------------+-------+-----
Transmutations | 3 |  3.2
Dodging        | 3 |  3.1
Fighting       | |  1.3
Unarmed Combat | |  3.6
Spellcasting   | |  2.1

Action                   || total
-------------------------++-------
Melee: Unarmed           ||    72
       Headbutt          ||    10
 Cast: Beastly Appendage ||     9
Armor: Robe              ||     6
Dodge: Dodged            ||    53
